 Dungeon Crawl Stone Soup version 0.23.2-40-g277498a001 (webtiles) character file.

Game seed: 3987296692648238731

26041 Curus the Severer (level 12, 0/168 HPs)
             Began as a Minotaur Berserker on Oct 20, 2019.
             Was a High Priest of Trog.
             Slain by an 11-headed hydra (8 damage)
             ... on level 3 of the Lair of Beasts.
             The game lasted 01:16:19 (11511 turns).

Curus the Severer (Minotaur Berserker)             Turns: 11511, Time: 01:16:20

Health: 0/168      AC: 27    Str: 33    XL:     12   Next: 94%
Magic:  13/13      EV:  9    Int: 10    God:    Trog [*****.]
Gold:   231        SH: 10    Dex: 13    Spells: 11/11 levels left

rFire    + + +     SeeInvis .   F - +10 broad axe of Xocur {venom, Stlth+}
rCold    + . .     Gourm    .   Z - +1 buckler "Lipponk" {-Cast rF+++ rN+ Int+3}
rNeg     + . .     Faith    .   X - +3 plate armour {rPois}
rPois    +         Spirit   .   S - +2 hat
rElec    .         Reflect  +   V - +0 cloak
rCorr    +         Harm     .   w - +0 pair of gloves
MR       .....     NoCast   +   a - +0 pair of boots
Stlth    ..........             L - amulet of Compulsion {Reflect Str+3 Slay+2 SH+4}
HPRegen  0.38/turn              o - ring of protection from cold
MPRegen  0.13/turn              T - ring of resist corrosion

@: berserking, very quick
A: retaliatory headbutt, horns 2, slimy green scales 1, agile 1, strong 1
a: Berserk, Trog's Hand, Brothers in Arms, Renounce Religion


You were on level 3 of the Lair of Beasts.
You worshipped Trog.
Trog was extremely pleased with you.
You were very hungry.

You visited 2 branches of the dungeon, and saw 14 of its levels.
You also visited: Bailey.

You collected 843 gold pieces.
You spent 612 gold pieces at shops.

Inventory:

Hand Weapons
 x - a +0 battleaxe
 F - the +10 broad axe of Xocur (weapon) {venom, Stlth+}
   (Trog gifted it to you in a bailey)

   It poisons the flesh of those it strikes.
   It makes you more stealthy.
Armour
 a - a +0 pair of boots (worn)
 j - a +0 chain mail
 u - a scarf of resistance
 w - a +0 pair of gloves (worn)
 y - a +1 plate armour
 D - a scarf of resistance
 M - a +0 buckler
 S - a +2 hat (worn)
 V - a +0 cloak (worn)
 X - a +3 plate armour of poison resistance (worn)
 Z - the +1 buckler "Lipponk" (worn) {-Cast rF+++ rN+ Int+3}
   (You found it on level 11 of the Dungeon)

   It affects your intelligence (+3).
   It renders you almost immune to fire.
   It protects you from negative energy.
   It prevents spellcasting.
Jewellery
 i - an uncursed ring of protection from magic
 o - a ring of protection from cold (left hand)
 r - a +1 ring of evasion
 s - a +6 ring of dexterity
 v - an uncursed amulet of magic regeneration
 G - an uncursed ring of attention
 K - an uncursed amulet of harm
 L - the amulet of Compulsion (around neck) {Reflect Str+3 Slay+2 SH+4}
   (You found it on level 10 of the Dungeon)

   [amulet of reflection]

   It shields you and reflects attacks.
   It affects your strength (+3).
   It affects your accuracy and damage with ranged weapons and melee attacks
   (+2).
   It affects your SH (+4).
 T - a ring of resist corrosion (right hand)
Wands
 m - a wand of scattershot (8)
 I - a wand of flame (28)
 R - a wand of enslavement (4)
Scrolls
 d - 7 scrolls of remove curse
 f - 7 scrolls of teleportation
 h - 4 scrolls of magic mapping
 k - 4 scrolls of identify
 t - 2 scrolls of blinking
 H - a scroll of fear
 N - a scroll of enchant weapon
Potions
 l - 4 potions of invisibility
 n - 6 potions of curing
 p - 4 potions of heal wounds
 A - a potion of berserk rage
 B - 5 potions of haste
 E - 4 potions of flight
 J - 2 potions of might
 P - 2 potions of brilliance
 U - a potion of magic
 Y - a potion of agility
Comestibles
 c - 39 rations


   Skills:
 + Level 12.1 Fighting
 - Level 18.3 Axes
 + Level 11.9 Armour
 - Level 2.1 Dodging
 - Level 4.0 Shields
 - Level 3.0 Evocations


You had 11 spell levels left.
You didn't know any spells.
Your spell library was empty.

Dungeon Overview and Level Annotations

Branches:
Dungeon (11/15)            Temple (0/1) D:6            Lair (3/6) D:11
  Snake (0/4) Lair:2          Orc (0/2) D:10
  Swamp: Lair:2-4    Shoals: Lair:2-4

Altars:
Cheibriados
Dithmenos
Makhleb
Qazlal
Ru
Uskayaw
The Shining One

Shops:
D:6 !((}}   D:11 [


Innate Abilities, Weirdness & Mutations

You reflexively headbutt those who attack you in melee.
You have a pair of horns on your head.
You are partially covered in slimy green scales. (AC +2)
You are agile. (Dex +2)
Your muscles are strong. (Str +2)


Message History

The yak gores your iron troll.
Your plate armour prevents you from hitting the ten-headed hydra.
The ten-headed hydra is moderately wounded.
Unknown command.
You chop one of the ten-headed hydra's heads off!
The nine-headed hydra grows two more!
You slice the 11-headed hydra!!
The 11-headed hydra is heavily wounded.
The yak gores your iron troll but does no damage.
Your iron troll bites the yak!!!
The yak dies!
Trog accepts your kill. The 11-headed hydra bites you.
* * * LOW HITPOINT WARNING * * *
The 11-headed hydra bites you.
* * * LOW HITPOINT WARNING * * *
The 11-headed hydra bites you but does no damage.
You block the 11-headed hydra's attack.
The 11-headed hydra bites you but does no damage.
The 11-headed hydra bites you!
You die...

###### #..#.#
##....#####
##....<....# ###
#......%...##..##.#
#.##.....†@T.......
###....D.Y#....
##.....## . ##....#
####... ##... ....
#... ..


You could see a 11-headed hydra, a yak and a friendly iron troll (berserk).

Vanquished Creatures
  Harold (D:8)
  A deep elf mage (D:10)
  4 oklob plants (Lair:1)
  A centaur zombie (D:10)
  An elephant (Lair:2)
  4 spiny frogs
  2 centaur skeletons
  4 rime drakes (Lair:2)
  3 trolls (D:11)
  A queen bee (Lair:2)
  Grinder (D:5)
  4 blink frogs (Lair:1)
  A water elemental (D:11)
  6 hippogriffs
  A spriggan (D:7)
  A wyvern (Lair:2)
  Sigmund (D:3)
  22 yaks
  3 basilisks (Lair:2)
  A hungry ghost (D:7)
  2 wargs (D:10)
  3 nagas (Lair:2)
  An acid dragon (D:11)
  7 porcupines
  6 water moccasins
  3 black bears
  9 orc warriors
  2 sky beasts
  2 ice beasts
  An eye of draining (D:9)
  2 phantoms
  5 ogres
  A necrophage (D:11)
  4 centaurs
  10 wolves
  12 crocodiles
  A big kobold (D:11)
  9 bullfrogs
  A gnoll sergeant (D:10)
  A wyvern skeleton (D:10)
  4 scorpions
  42 killer bees
  10 wights
  4 howler monkeys
  2 electric eels (D:11)
  5 bullfrog zombies
  4 crimson imps
  A quasit (D:8)
  2 bullfrog skeletons
  4 jellies
  9 hounds
  8 orc priests
  14 orc wizards
  Natasha (thrice) (D:3)
  6 iguanas
  9 worker ants
  A killer bee zombie (D:6)
  A hound zombie (D:6)
  A howler monkey zombie (D:8)
  18 adders
  13 gnolls
  2 adder skeletons
  4 worms
  2 dart slugs
  4 leopard geckos
  53 orcs
  3 ball pythons
  7 giant cockroaches
  13 goblins
  8 hobgoblins
  15 jackals
  4 quokkas
  14 bats
  13 frilled lizards
  18 kobolds
  A leopard gecko skeleton (D:9)
  3 leopard gecko zombies
  4 quokka zombies
  9 rats
  A plant (Lair:1)
484 creatures vanquished.

Vanquished Creatures (collateral kills)
  A two-headed ogre (D:8)
  3 yaks (Lair:3)
4 creatures vanquished.

Vanquished Creatures (others)
  A kobold (D:11)
  9 plants
10 creatures vanquished.

Grand Total: 498 creatures vanquished

Notes
Turn   | Place    | Note
-------+----------+-------------------------------------------
     0 | D:1      | Curus the Minotaur Berserker began the quest for the Orb.
     0 | D:1      | Reached XP level 1. HP: 19/19 MP: 0/0
   122 | D:1      | Reached skill level 4 in Axes
   140 | D:1      | Reached XP level 2. HP: 19/26 MP: 1/1
   210 | D:1      | Reached ** piety under Trog
   323 | D:1      | Reached skill level 5 in Axes
   450 | D:1      | Gained mutation: You are agile. (Dex +2) [potion of
                  | mutation]
   450 | D:1      | Gained mutation: You are partially covered in slimy green
                  | scales. (AC +2) [potion of mutation]
   450 | D:1      | Gained mutation: Your muscles are strong. (Str +2) [potion
                  | of mutation]
   559 | D:2      | Reached XP level 3. HP: 31/31 MP: 2/2
   732 | D:2      | Found a stormy altar of Qazlal.
  1184 | D:3      | Reached skill level 6 in Axes
  1184 | D:3      | Reached XP level 4. HP: 39/39 MP: 3/3
  1282 | D:3      | Noticed Sigmund
  1291 | D:3      | Killed Sigmund
  1291 | D:3      | Reached skill level 7 in Axes
  1291 | D:3      | Reached XP level 5. HP: 27/45 MP: 4/4
  1361 | D:3      | Reached skill level 8 in Axes
  1615 | D:3      | Noticed Natasha
  1624 | D:3      | Killed Natasha
  1624 | D:3      | Reached XP level 6. HP: 46/51 MP: 5/5
  1662 | D:3      | Reached *** piety under Trog
  1702 | D:3      | Noticed Natasha
  1708 | D:3      | Killed Natasha
  1820 | D:3      | Noticed Natasha
  1828 | D:3      | Killed Natasha
  2221 | D:4      | Reached skill level 9 in Axes
  2295 | D:4      | Reached XP level 7. HP: 39/57 MP: 6/6
  2567 | D:4      | Reached skill level 10 in Axes
  2625 | D:4      | Reached **** piety under Trog
  2837 | D:5      | Entered Level 5 of the Dungeon
  2913 | D:5      | Reached skill level 11 in Axes
  2953 | D:5      | Reached XP level 8. HP: 51/64 MP: 7/7
  3236 | D:5      | Reached skill level 12 in Axes
  3416 | D:5      | Noticed Grinder
  3422 | D:5      | Killed Grinder
  3422 | D:5      | Reached skill level 13 in Axes
  3608 | D:6      | Got an iridescent hand axe
  3624 | D:6      | Found a hide-covered altar of Uskayaw.
  3685 | D:6      | Found a staircase to the Ecumenical Temple.
  3691 | D:6      | Reached XP level 9. HP: 64/70 MP: 8/8
  3706 | D:6      | Reached skill level 14 in Axes
  3726 | D:6      | Found Eliqyary's Gadget Shoppe.
  3732 | D:5      | Noticed a rust devil
  3732 | D:5      | Noticed a rust devil
  3789 | D:6      | Found Liguagon's Distillery.
  3805 | D:6      | Bought 2 potions of haste for 240 gold pieces
  3805 | D:6      | Bought a potion of curing for 36 gold pieces
  3826 | D:5      | Identified the +2 hand axe "Undertaker" {pain, rElec Dex+5}
                  | (You found it on level 6 of the Dungeon)
  3830 | D:6      | Found Genk's Gadget Shoppe.
  4001 | D:6      | Reached ***** piety under Trog
  4117 | D:6      | Found Ysuo's Weapon Boutique.
  4157 | D:6      | Found Duleonki's Antique Weapon Emporium.
  4254 | D:6      | Bought a potion of curing for 36 gold pieces
  4317 | D:7      | Reached skill level 15 in Axes
  4607 | D:7      | Reached skill level 16 in Axes
  4707 | D:7      | Reached XP level 10. HP: 77/77 MP: 9/9
  4922 | D:7      | Found a snail-covered altar of Cheibriados.
  5181 | D:6      | Bought a potion of heal wounds for 60 gold pieces
  5280 | D:8      | Found a burning altar of Makhleb.
  5320 | D:8      | Found a sacrificial altar of Ru.
  5340 | D:8      | Found a flagged portal.
  5342 | D:8      | Noticed Harold
  5358 | D:8      | Killed Harold
  5358 | D:8      | Reached skill level 17 in Axes
  5382 | D:8      | Noticed a two-headed ogre
  5395 | D:8      | Killed a two-headed ogre
  5555 | Bailey   | Entered a bailey
  5647 | Bailey   | Received a gift from Trog
  5648 | Bailey   | Got a fine broad axe {god gift}
  6201 | D:8      | Found a glowing golden altar of the Shining One.
  6369 | D:8      | Reached skill level 18 in Axes
  6915 | D:8      | Identified the +10 broad axe of Xocur {venom, Stlth+} (Trog
                  | gifted it to you in a bailey)
  7147 | D:10     | Entered Level 10 of the Dungeon
  7238 | D:10     | Reached XP level 11. HP: 67/85 MP: 10/10
  7245 | D:10     | Reached skill level 5 in Fighting
  7261 | D:10     | Found a staircase to the Orcish Mines.
  7378 | D:10     | Noticed a deep elf mage
  7382 | D:10     | Killed a deep elf mage
  7382 | D:10     | Reached skill level 5 in Armour
  7416 | D:10     | Got a smoking diamond amulet
  7538 | D:10     | Received a gift from Trog
  7743 | D:10     | Identified the amulet of Compulsion {Reflect Str+3 Slay+2
                  | SH+4} (You found it on level 10 of the Dungeon)
  7848 | D:11     | Found Detacw's Antique Armour Shop.
  7979 | D:6      | Bought a potion of haste for 120 gold pieces
  8050 | D:8      | Found a shadowy altar of Dithmenos.
  8346 | D:11     | Found a staircase to the Lair.
  8452 | D:11     | Received a gift from Trog
  8501 | Lair:1   | Entered Level 1 of the Lair of Beasts
  8544 | Lair:1   | You fall through a shaft!
  8550 | Lair:2   | Reached skill level 1 in Shields
  8566 | Lair:2   | Reached skill level 1 in Evocations
  8932 | Lair:1   | Reached XP level 12. HP: 98/104 MP: 12/12
  9520 | Lair:2   | Reached skill level 10 in Fighting
  9554 | Lair:2   | Reached skill level 10 in Armour
  9585 | Lair:2   | Reached ****** piety under Trog
  9626 | Lair:2   | Received a gift from Trog
  9901 | Lair:2   | Found a staircase to the Snake Pit.
 10460 | D:6      | Bought a potion of haste for 120 gold pieces
 10711 | D:11     | Got a scorched buckler
 10722 | D:11     | Identified the +1 buckler "Lipponk" {-Cast rF+++ rN+ Int+3}
                  | (You found it on level 11 of the Dungeon)
 11493 | Lair:3   | Noticed an eight-headed hydra
 11511 | Lair:3   | HP: 8/168 [11-headed hydra (6)]
 11511 | Lair:3   | Slain by an 11-headed hydra

Skill      XL: |  1  2  3  4  5  6  7  8  9 10 11 12 |
---------------+-------------------------------------+-----
Axes           | 4 5 6 7 8 9 11 13 16 18 | 18.3
Fighting       | 4 9 12 | 12.1
Armour         | 4 8 11 | 11.9
Shields        | 3 4 |  4.0
Evocations     | 2 3 |  3.0
Dodging        | |  2.1

Action                   |  1- 3 |  4- 6 |  7- 9 | 10-12 || total
-------------------------+-------+-------+-------+-------++-------
Melee: Hand axe          |    91 |   116 |     8 |       ||   215
       Headbutt          |     7 |    28 |    64 |   124 ||   223
       War axe           |       |       |    67 |       ||    67
       Battleaxe         |       |       |   197 |   166 ||   363
       Broad axe         |       |       |       |   387 ||   387
Invok: Berserk           |       |     1 |     2 |     3 ||     6
       Brothers in Arms  |       |       |       |     2 ||     2
Evoke: Wand              |       |       |       |     2 ||     2
  Use: Scroll            |     8 |     1 |     6 |     9 ||    24
       Potion            |     4 |     4 |     4 |     4 ||    16
 Stab: Sleeping          |     4 |       |       |       ||     4
       Invisible         |     6 |       |       |       ||     6
  Eat: Chunk             |     1 |     3 |    13 |    20 ||    37
       Ration            |       |       |       |     1 ||     1
Armor: Animal skin       |     2 |       |       |       ||     2
       Leather armour    |     7 |       |       |       ||     7
       Chain mail        |    23 |    53 |    27 |       ||   103
       Scale mail        |     1 |       |       |       ||     1
       Plate armour      |       |       |   104 |   269 ||   373
       Skin              |       |       |     8 |       ||     8
Dodge: Dodged            |    49 |    49 |    86 |   174 ||   358
Block: Buckler           |       |       |       |    86 ||    86
       Reflection        |       |       |       |     7 ||     7
